 Dungeon Crawl Stone Soup version 0.21.1-1-g345015f (webtiles) character file.

4869 kae the Martial Artist (level 10, 0/76 HPs)
             Began as a Demonspawn Transmuter on May 19, 2018.
             Was an Initiate of Wu Jian.
             Slain by a fire elemental (7 damage)
             ... on level 9 of the Dungeon.
             The game lasted 00:12:56 (10373 turns).

kae the Martial Artist (Demonspawn Transmuter)     Turns: 10373, Time: 00:12:57

Health: 0/76       AC: 27    Str: 10    XL:     10   Next: 26%
Magic:  18/18      EV:  1    Int: 15    God:    Wu Jian [......]
Gold:   330        SH:  0    Dex: 21    Spells: 14/20 levels left

rFire    + . .     SeeInvis +     - Unarmed
rCold    + . .     Gourm    .   (no shield)
rNeg     . . .     Faith    .   v - +15 Maxwell's patent armour {-Cast -Tele rElec MR+ rCorr}
rPois    +         Spirit   .   p - +1 helmet
rElec    +         Reflect  .   (no cloak)
rCorr    +         Harm     .   (no gloves)
MR       +....     NoTele   +   (boots unavailable) Stlth ..........NoCast +
                                (no amulet)
HPRegen  0.22/turn              k - ring of see invisible
MPRegen  0.16/turn              (no ring)

@: resistant
A: talons 3, thin skeletal structure 2, demonic guardian 2, spiny 1
a: Renounce Religion


You were on level 9 of the Dungeon.
You worshipped Wu Jian.
Wu Jian was noncommittal.
You were very hungry.

You visited 2 branches of the dungeon, and saw 10 of its levels.

You collected 519 gold pieces.
You spent 189 gold pieces at shops.

Inventory:

Missiles
 a - 201 arrows
Armour
 b - a +0 robe
 o - a +0 animal skin
 p - a +1 helmet (worn)
 v - the +15 Maxwell's patent armour (worn) {-Cast -Tele rElec MR+ rCorr}
   (You found it on level 4 of the Dungeon)

   It insulates you from electricity.
   It affects your resistance to hostile enchantments.
   It prevents spellcasting.
   It prevents most forms of teleportation.
   It protects you from acid and corrosion.
Jewellery
 k - a ring of see invisible (left hand)
Wands
 i - a wand of flame (14)
 j - a wand of acid (3)
 n - a wand of iceblast (9)
 x - a wand of paralysis (14)
Scrolls
 e - 3 scrolls of teleportation
 g - 7 scrolls of remove curse
 h - a scroll of enchant weapon
 y - 7 scrolls of identify
 A - a scroll of fear
 C - a scroll of immolation
 D - 2 scrolls of fog
Potions
 f - a potion of haste
 l - 2 potions of mutation
 m - a potion of invisibility
 q - a potion of flight
 r - a potion of agility
 t - 3 potions of brilliance
 w - a potion of resistance
 B - a potion of curing
Books
 c - a book of Changes

   Spells                             Type                      Level
   a - Beastly Appendage              Transmutation                1
   b - Sticks to Snakes               Transmutation                2
   c - Spider Form                    Transmutation/Poison         3
   d - Ice Form                       Ice/Transmutation            4
   e - Blade Hands                    Transmutation                5
Comestibles
 d - 22 rations


   Skills:
 + Level 6.1 Fighting
 - Level 1.7 Dodging
 * Level 8.5 Unarmed Combat
 + Level 5.9 Spellcasting
 * Level 8.3 Transmutations


You had 14 spell levels left.
You knew the following spells:

 Your Spells              Type           Power        Failure   Level  Hunger
a - Beastly Appendage     Tmut           ####..       97%         1    None
b - Sticks to Snakes      Tmut           ####....     99%         2    #......
c - Spider Form           Tmut/Pois      ###.......   100%        3    ###....


Dungeon Overview and Level Annotations

Branches:
Dungeon (9/15)             Temple (1/1) D:6
   Lair: D:8-11         Orc: D:9-12

Altars:
Ashenzari
Cheibriados
Dithmenos
Elyvilon
Gozag
Hepliaklqana
Kikubaaqudgha
Makhleb
Nemelex Xobeh
Okawaru
Qazlal
Ru
Sif Muna
Trog
Uskayaw
Vehumet
Wu Jian
Xom
Yredelemnul
Zin
The Shining One
Beogh

Shops:
D:6 *   D:9 (

Annotations:
D:5 exclusion: statue
D:9 1 transporter


Innate Abilities, Weirdness & Mutations

You have claws for feet.
You have a moderately thin skeletal structure. (Dex +4, Stealth+)
A demonic guardian rushes to your aid.
You are partially covered in sharp spines.


Message History

You hit the fire elemental but do no damage.
You claw the fire elemental, but do no damage.
The fire elemental is lightly damaged.
The fire elemental hits you. The fire elemental burns you! You resist.
* * * LOW HITPOINT WARNING * * *
The fire elemental hits you. The fire elemental burns you! You resist.
* * * LOW HITPOINT WARNING * * *
The fire elemental hits you. The fire elemental burns you! You resist.
* * * LOW HITPOINT WARNING * * *
The fire elemental is struck by your spines.
The fire elemental hits you. The fire elemental burns you! You resist.
* * * LOW HITPOINT WARNING * * *
You barely miss the fire elemental.
The fire elemental is almost destroyed.
The fire elemental barely misses you. The fire elemental hits you.
The fire elemental burns you! You resist.
* * * LOW HITPOINT WARNING * * *
The fire elemental is struck by your spines.
The fire elemental hits you. The fire elemental burns you! You resist.
You die...

#####'####(#####.########'#
#..............#)# #.....
#.######.......#<# #.....
#.# #...####### #..... #.#
########.§§§§# #.....
#.###§§§§§§#§§§§§# ###.....
#...#§§§§§§#§§§§§###.......
#...#§§#.#.E§§§[[#...####'#
#..©#§§©..@E§§§$©#©..# #..
##..#§§#.#.E§§§[=#..## ###
####§§§§.§#§.§§§####
#§§§§§§#§§§§§#
########§§§§§# ######


You could see 3 fire elementals.

Vanquished Creatures
  A spriggan (D:7)
  3 fire bats (D:9)
  2 sky beasts
  6 ice beasts
  An orc warrior (D:9)
  2 ogres
  2 phantoms
  2 centaurs
  A crocodile (D:9)
  A big kobold (D:9)
  4 bullfrogs
  A water moccasin zombie (D:8)
  3 scorpions
  A bullfrog zombie (D:7)
  A centaur zombie (D:5)
  3 crimson imps
  A quasit (D:7)
  3 hounds
  A bullfrog skeleton (D:4)
  A centaur skeleton (D:8)
  3 orc priests
  6 orc wizards
  Terence (D:3)
  3 iguanas
  4 worker ants
  2 hound zombies
  A hound skeleton (D:7)
  Robin (D:3)
  A howler monkey zombie (D:6)
  5 gnolls
  10 adders
  A shadow imp (D:7)
  An adder zombie (D:5)
  5 worms
  3 dart slugs (D:1)
  7 leopard geckos
  38 orcs
  2 ball pythons
  10 bats
  6 giant cockroaches
  17 goblins
  15 hobgoblins
  6 jackals
  6 frilled lizards
  8 kobolds
  A leopard gecko skeleton (D:5)
  8 rats
211 creatures vanquished.

Vanquished Creatures (collateral kills)
  A two-headed ogre (D:9)
  A hornet (D:7)
  An ice beast (D:5)
  5 orc warriors (D:8)
  3 ogres
  A centaur (D:9)
  A gnoll shaman (D:8)
  A hound (D:5)
  An orc wizard (D:8)
  Ijyb (D:3)
  A worker ant (D:9)
  7 gnolls
  7 orcs
31 creatures vanquished.

Vanquished Creatures (others)
  5 toadstools (D:1)
5 creatures vanquished.

Grand Total: 247 creatures vanquished

Notes
Turn   | Place    | Note
-------+----------+-------------------------------------------
     0 | D:1      | kae the Demonspawn Transmuter began the quest for the Orb.
     0 | D:1      | Reached XP level 1. HP: 15/15 MP: 3/3
   192 | D:1      | Gained mutation: You have a somewhat thin skeletal structure. (Dex +2, Stealth) [demonic ancestry]
   192 | D:1      | Reached XP level 2. HP: 9/21 MP: 3/5
   525 | D:1      | Gained mutation: You have sharp toenails. [demonic ancestry]
   525 | D:1      | Reached XP level 3. HP: 16/26 MP: 4/6
  1085 | D:2      | Learned a level 2 spell: Sticks to Snakes
  1089 | D:2      | Learned a level 3 spell: Spider Form
  1159 | D:2      | Found a sparkling altar of Nemelex Xobeh.
  1407 | D:2      | Found a hazy altar of Hepliaklqana.
  1452 | D:2      | Found a shadowy altar of Dithmenos.
  1688 | D:2      | Gained mutation: A weak demonic guardian rushes to your aid. [demonic ancestry]
  1688 | D:2      | Reached XP level 4. HP: 29/33 MP: 5/7
  2132 | D:3      | Noticed Ijyb
  2142 | D:3      | Killed Ijyb
  2584 | D:3      | Noticed Terence
  2722 | D:3      | Gained mutation: You have razor-sharp toenails. [demonic ancestry]
  2722 | D:3      | Reached XP level 5. HP: 33/38 MP: 1/9
  2813 | D:3      | Killed Terence
  2916 | D:3      | Noticed Robin
  3271 | D:3      | Killed Robin
  3786 | D:4      | Found a sacrificial altar of Ru.
  3931 | D:4      | Gained mutation: A demonic guardian rushes to your aid. [demonic ancestry]
  3931 | D:4      | Reached XP level 6. HP: 46/46 MP: 6/10
  4495 | D:4      | Found the +15 Maxwell's patent armour {-Cast -Tele rElec MR+ rCorr}
  4863 | D:5      | Entered Level 5 of the Dungeon
  4923 | D:5      | Gained mutation: You have a moderately thin skeletal structure. (Dex +4, Stealth+) [demonic ancestry]
  4923 | D:5      | Reached XP level 7. HP: 52/52 MP: 10/12
  5020 | D:5      | Reached skill level 5 in Unarmed Combat
  5296 | D:5      | Found a shimmering altar of Xom.
  5322 | D:5      | Reached skill level 5 in Transmutations
  5356 | D:5      | Reached XP level 8. HP: 41/60 MP: 13/13
  5498 | D:5      | Found a radiant altar of Vehumet.
  5975 | D:6      | Found a bloodstained altar of Trog.
  5975 | D:6      | Found a hide-covered altar of Uskayaw.
  5976 | D:6      | Found a glowing golden altar of the Shining One.
  6164 | D:6      | Found Ocoskiu's Assorted Antiques.
  6167 | D:6      | Bought a fuming coppery potion for 22 gold pieces
  6167 | D:6      | Bought a silvery potion for 22 gold pieces
  6167 | D:6      | Bought 2 fuming coppery potions for 45 gold pieces
  6167 | D:6      | Bought a scroll labeled GUFEOC KOMU for 25 gold pieces
  6167 | D:6      | Bought a scroll labeled GUFEOC KOMU for 25 gold pieces
  6167 | D:6      | Bought a scroll of identify for 50 gold pieces
  6258 | D:6      | Found a staircase to the Ecumenical Temple.
  6346 | Temple   | Entered the Ecumenical Temple
  6890 | D:7      | Found a stormy altar of Qazlal.
  6942 | D:7      | Gained mutation: You have claws for feet. [demonic ancestry]
  6942 | D:7      | Reached XP level 9. HP: 66/66 MP: 16/16
  7301 | D:7      | Reached skill level 5 in Fighting
  7301 | D:7      | Reached skill level 5 in Spellcasting
  7520 | D:7      | Paralysed by a hornet for 3 turns
  7522 | D:7      | HP: 3/68 [poisoned by a hornet]
  7526 | D:7      | HP: 1/68 [hornet (4)]
  8716 | D:8      | Found a roughly hewn altar of Beogh.
  9247 | D:9      | Noticed a two-headed ogre
  9265 | D:9      | Killed a two-headed ogre
  9265 | D:9      | Gained mutation: You are partially covered in sharp spines. [demonic ancestry]
  9265 | D:9      | Reached XP level 10. HP: 18/76 MP: 18/18
  9763 | D:9      | Found a transporter.
  9791 | D:9      | Found an ornate altar of the Wu Jian Council.
  9908 | D:9      | Found a transporter.
 10179 | D:9      | Found Piakhigirgh's Antique Weapon Boutique.
 10268 | D:9      | Became a worshipper of the Wu Jian Council
 10373 | D:9      | Slain by a fire elemental

Skill      XL: |  1  2  3  4  5  6  7  8  9 10 |
---------------+-------------------------------+-----
Transmutations | 2 3 4 5 6 7 8 |  8.3
Unarmed Combat | 3 4 5 6 8 |  8.5
Fighting       | 2 3 4 5 6 |  6.1
Spellcasting   | 3 4 5 |  5.9
Dodging        | |  1.7

Action                   |  1- 3 |  4- 6 |  7- 9 | 10-12 || total
-------------------------+-------+-------+-------+-------++-------
Melee: Unarmed           |   138 |   185 |   521 |    47 ||   891
       Kick              |    24 |    42 |   170 |    16 ||   252
       Punch             |     2 |     1 |     8 |       ||    11
       Headbutt          |     1 |     6 |       |       ||     7
 Cast: Beastly Appendage |    18 |     6 |       |       ||    24
       Spider Form       |     1 |    12 |       |       ||    13
  Use: Scroll            |     4 |     5 |    10 |     3 ||    22
       Potion            |       |       |     2 |     2 ||     4
 Stab: Sleeping          |     8 |     1 |       |       ||     9
       Distracted        |       |     1 |     2 |       ||     3
  Eat: Chunk             |     3 |     8 |    12 |     2 ||    25
       Ration            |       |     1 |     1 |       ||     2
Armor: Robe              |    16 |    12 |       |       ||    28
       Skin              |       |     3 |       |       ||     3
       Animal skin       |       |     4 |       |       ||     4
       Plate armour      |       |    25 |   456 |    53 ||   534
Dodge: Dodged            |    63 |   106 |    22 |     4 ||   195
